 Dungeon Crawl Stone Soup version 0.28.0-1-gb440e238dd (webtiles) character file.

Game seed: 1519011578617018546

16535 Cykl0x the Destroyer (level 12, -7/72 HPs)
             Began as a Gargoyle Earth Elementalist on Feb 24, 2022.
             Was a Priest of Vehumet.
             Mangled by a meliai (11 damage)
             ... on level 13 of the Dungeon.
             The game lasted 00:29:32 (17611 turns).

Cykl0x the Destroyer (Gargoyle Earth Elementalist) Turns: 17611, Time: 00:29:33

Health: -7/72      AC: 22    Str: 14    XL:     12   Next: 38%
Magic:  5/24       EV: 12    Int: 24    God:    Vehumet [***...]
Gold:   140        SH:  5    Dex: 10    Spells: 23/28 levels left

rFire   + . .      SeeInvis .   v - +10 falchion "Ohuugguo" {vorpal, rC- rN++}
rCold   . . .      Faith    .   (no shield)
rNeg    + + +      Spirit   .   D - +1 acid dragon scales
rPois   ∞          Reflect  +   (no helmet)
rElec   +          Harm     .   A - +1 cloak "Zoef" {*Slow rPois rCorr Int+5}
rCorr   +          Rampage  .   a - +2 pair of gloves
Will    .....                   (no boots)
Stlth   +.........              i - amulet of reflection
HPRegen 0.22/turn               d - ring of protection from cold
MPRegen 0.19/turn               h - ring of protection from fire

@: invisible
A: sickness immunity, AC +8, negative energy resistance 1, electricity
resistance, torment resistance 1, petrification resistance
a: Renounce Religion


You were on level 13 of the Dungeon.
You worshipped Vehumet.
Vehumet was most pleased with you.
You visited 2 branches of the dungeon, and saw 14 of its levels.
You also visited: Sewer.

You collected 535 gold pieces.
You spent 395 gold pieces at shops.

Inventory:

Hand Weapons
 j - the +10 short sword "Viukh" {venom, rElec rPois}
   (You found it on level 2 of the Dungeon)

   It poisons the flesh of those it strikes.
   rElec:     It insulates you from electricity.
   rPois:     It protects you from poison.
 v - the +10 falchion "Ohuugguo" (weapon) {vorpal, rC- rN++}
   (You found it on level 4 of the Dungeon)

   It inflicts extra damage upon your enemies.
   rC:        It makes you vulnerable to cold.
   rN:        It greatly protects you from negative energy.
 E - a +0 scimitar
Missiles
 c - 234 stones
Armour
 a - a +2 pair of gloves (worn)
 A - the +1 cloak "Zoef" (worn) {*Slow rPois rCorr Int+5}
   (You found it on level 5 of the Dungeon)

   Int:       It affects your intelligence (+5).
   rPois:     It protects you from poison.
   rCorr:     It protects you from acid and corrosion.
   *Slow:     It may slow you when you take damage.
 D - +1 acid dragon scales (worn)
Jewellery
 d - a ring of protection from cold (left hand)
 h - a ring of protection from fire (right hand)
 i - an amulet of reflection (around neck)
 k - a ring of wizardry
 q - an amulet of the acrobat
Wands
 e - a wand of polymorph (4)
 f - a wand of flame (14)
 w - a wand of iceblast (5)
Scrolls
 b - a scroll of enchant weapon
 o - 2 scrolls of enchant armour
 p - 7 scrolls of teleportation
 r - 2 scrolls of fear
 y - 2 scrolls of summoning
 C - 2 scrolls of blinking
 F - 2 scrolls of identify
Potions
 g - 4 potions of haste
 l - 3 potions of might
 m - a potion of resistance
 n - a potion of mutation
 s - 2 potions of flight
 t - 3 potions of brilliance
 u - a potion of magic
 x - a potion of invisibility
 z - a potion of attraction
 B - a potion of lignification


   Skills:
 + Level 7.2 Fighting
 + Level 1.0(3.1) Short Blades
 + Level 4.7(4.8) Long Blades
 + Level 5.5 Armour
 + Level 3.9 Dodging
 - Level 2.1 Stealth
 + Level 2.9 Shields
 + Level 8.9 Spellcasting
 * Level 11.6 Conjurations
 - Level 0.7 Transmutations
 + Level 10.6 Earth Magic


You had 23 spell levels left.
You knew the following spells:

 Your Spells              Type           Power      Damage    Failure   Level
a - Sandblast             Erth           100%       2d20      1%          1
b - Stone Arrow           Conj/Erth      100%       3d13      1%          3
c - Magic Dart            Conj           100%       1d8       1%          1

Your spell library contained the following spells:

 Spells                   Type           Power      Damage    Failure   Level
 Static Discharge         Conj/Air       38%        N/A       1%          2
 Passwall                 Tmut/Erth      30%        N/A       1%          2
 Conjure Flame            Conj/Fire      38%        6-21      1%          3
 Flame Wave               Conj/Fire      38%        2d9       2%          4
 Sticky Flame             Conj/Fire      38%        2d6       2%          4
 Scorch                   Fire           20%        2d6       3%          2
 Irradiate                Conj/Tmut      20%        3d20      5%          5
 Ignite Poison            Fire/Tmut/Pois 11%        N/A       6%          3
 Petrify                  Tmut/Erth      37%        N/A       8%          4
 Pain                     Necr           40%        1d6       9%          1
 Gell's Gravitas          Tloc           10%        N/A       24%         3
 Teleport Other           Tloc           10%        N/A       24%         3
 Agony                    Necr           10%        N/A       92%         5
 Excruciating Wounds      Necr           5%         N/A       92%         5
 Dispersal                Tloc           5%         N/A       100%        6
 Summon Cactus Giant      Summ           5%         N/A       100%        6
 Disjunction              Tloc           5%         N/A       100%        8
 Sublimation of Blood     Necr           Unusable   N/A       N/A         2

Dungeon Overview and Level Annotations

Branches:
Dungeon (13/15)            Temple (1/1) D:5            Lair (0/6) D:11
    Orc (0/2) D:10          Sewer (visited)
 Vaults: D:13-14

Altars:
Ashenzari
Cheibriados
Dithmenos
Elyvilon
Fedhas
Kikubaaqudgha
Makhleb
Nemelex Xobeh
Okawaru
Qazlal
Ru
Sif Muna
Trog
Uskayaw
Vehumet
Xom
Zin
The Shining One

Shops:
D:4 [=?   D:9 **

Portals:
Trove: D:11 (give 7 scrolls of fear)


Innate Abilities, Weirdness & Mutations

You are immune to sickness and miasma.
Your stone body is resilient. (AC +8)
You are immune to poison.
You resist negative energy. (rN+)
You are resistant to electric shocks. (rElec)
You are resistant to unholy torment.
You are immune to petrification.


Message History

A centaur comes into view.
The centaur warrior shoots an arrow.
The arrow hits you!
The centaur warrior shoots an arrow.
You reflect the arrow off an invisible shield around you!
The arrow hits the centaur warrior!!
The meliai invokes the aid of its god against you.
Something smites you!
The centaur shouts!
You hit the meliai.
The meliai is moderately wounded.
The meliai mumbles some strange prayers to its god against you.
Something smites you!
* * * LOW HITPOINT WARNING * * *
The centaur wields a +0 shortbow.
The centaur shoots an arrow.
The arrow barely misses you.
The centaur warrior shoots an arrow.
You reflect the arrow off an invisible shield around you!
The arrow hits the centaur warrior!
The meliai hits you with a +0 hand axe!
* * * LOW HITPOINT WARNING * * *
The meliai stings you but does no damage.
You hear a roar!
You fade into invisibility!
The centaur shoots an arrow.
The arrow hits you!
* * * LOW HITPOINT WARNING * * *
The centaur warrior shoots an arrow.
The arrow hits you but does no damage. You block the meliai's attack.
The meliai closely misses you. The meliai hits you but does no damage.
The meliai stings you but does no damage.
Casting: Stone Arrow (safe; 1% risk of failure)
Confirm with . or Enter, or press ? or * to list all spells.
Aiming: Stone Arrow (safe; 1% risk of failure)
Press: ? - help, Shift-Dir - straight line, f - meliai
Aim: a meliai, wielding a +0 hand axe and wearing a +0 robe (lightly wounded, 66% to hit)
The stone arrow misses the meliai.
A centaur comes into view.
The meliai hits you but does no damage. The meliai barely misses you.
The centaur shoots an arrow.
The arrow hits you but does no damage.
A centaur comes into view.
The centaur wields a +0 shortbow.
The centaur shoots an arrow.
The arrow hits you but does no damage. The meliai hits you with a +0 hand axe!
You die...

#...# #cc.#
#######...##### #
#######........c..... ..
#...............>....
...##....##..............
...#.......######...#####
...........# ##.#.#
###.......# #@###.#
##)...### ##y# ## #....#
... #.#### ...# #<# .....
#.# #.##.# ..# .. .# ####
.. #


You could see a meliai and 3 centaurs.

Vanquished Creatures
  Erolcha (D:9)
  A centaur warrior (D:13)
  5 two-headed ogres
  2 cyclopes (D:12)
  2 manticores
  Maurice (D:11)
  A kobold demonologist (D:11)
  4 trolls
  2 meliai (D:13)
  A hornet (D:8)
  6 slime creatures (D:12)
  17 yaks
  2 wyverns
  2 vampire mosquitoes (D:12)
  2 wargs (D:10)
  2 acid dragons
  2 water moccasins
  6 orc warriors
  A black bear (D:6)
  A sky beast (D:6)
  A necrophage (D:6)
  3 ogres
  A phantom (D:6)
  3 centaurs
  7 kobold brigands
  2 bullfrogs
  5 scorpions
  2 wyvern zombies
  A water moccasin zombie (D:6)
  9 killer bees
  An electric eel (D:7)
  A howler monkey (D:10)
  A bullfrog zombie (D:6)
  3 centaur zombies
  2 centaur skeletons (D:7)
  2 gnoll shamans
  3 hounds
  3 orc priests (D:12)
  2 bullfrog skeletons (D:6)
  3 jellies
  2 iguanas
  5 orc wizards
  A killer bee zombie (D:6)
  A hound skeleton (D:4)
  7 gnolls
  A howler monkey skeleton (D:7)
  9 adders
  4 river rats
  A shadow imp (D:6)
  2 white imps
  2 ufetubi (D:5)
  An adder skeleton (D:4)
  9 worms
  33 orcs
  16 endoplasms
  6 giant cockroaches
  2 hobgoblins
  3 jackals (D:2)
  5 quokkas
  8 ball pythons
  3 bats
  3 frilled lizards
  A goblin (D:2)
  16 kobolds
  6 rats
263 creatures vanquished.

Vanquished Creatures (others)
  4 fungi (D:2)
  39 plants
43 creatures vanquished.

Grand Total: 306 creatures vanquished

Notes
Turn   | Place    | Note
-------+----------+-------------------------------------------
     0 | D:1      | Cykl0x the Gargoyle Earth Elementalist began the quest for
                  | the Orb.
     0 | D:1      | Reached XP level 1. HP: 10/10 MP: 3/3
   347 | D:1      | Reached XP level 2. HP: 8/15 MP: 0/5
  1009 | D:2      | Identified the +10 short sword "Viukh" {venom, rElec rPois}
  1344 | D:2      | Reached XP level 3. HP: 19/19 MP: 3/6
  1348 | D:2      | Learned a level 3 spell: Stone Arrow
  1499 | D:2      | Reached skill level 1 in Conjurations
  2071 | D:2      | Found a faded altar of an unknown god.
  2382 | D:3      | Reached XP level 4. HP: 19/24 MP: 0/7
  2572 | D:3      | Reached skill level 5 in Earth Magic
  2574 | D:3      | Reached skill level 2 in Conjurations
  2678 | D:3      | Found a glowing drain.
  2691 | D:3      | Reached XP level 5. HP: 8/28 MP: 1/9
  2698 | Sewer    | Entered a sewer
  2966 | Sewer    | Noticed a kobold brigand
  2976 | Sewer    | Killed a kobold brigand
  3221 | Sewer    | Noticed a kobold brigand
  3226 | Sewer    | Killed a kobold brigand
  3227 | Sewer    | Reached XP level 6. HP: 33/33 MP: 0/11
  3646 | Sewer    | Reached skill level 1 in Fighting
  3646 | Sewer    | Reached skill level 3 in Conjurations
  4127 | Sewer    | Reached skill level 1 in Shields
  4127 | Sewer    | Reached XP level 7. HP: 35/38 MP: 0/12
  4744 | D:4      | Found a snail-covered altar of Cheibriados.
  4746 | D:4      | Reached skill level 1 in Short Blades
  4830 | D:4      | Found a white marble altar of Elyvilon.
  5065 | D:4      | Identified the +10 falchion "Ohuugguo" {vorpal, rC- rN++}
  5085 | D:4      | Reached skill level 1 in Long Blades
  5085 | D:4      | Reached skill level 4 in Conjurations
  5357 | D:4      | Found a shadowy altar of Dithmenos.
  5983 | D:4      | Found Leidocra's Jewellery Emporium.
  5983 | D:4      | Found Ruighul's Antique Armour Shop.
  5987 | D:4      | Found Qimm's Antique Armour Emporium.
  5987 | D:4      | Found Laufom's Magic Scroll Shop.
  6261 | D:5      | Entered Level 5 of the Dungeon
  6294 | D:5      | Reached skill level 1 in Armour
  6294 | D:5      | Reached XP level 8. HP: 38/45 MP: 4/14
  6784 | D:5      | Identified the +1 cloak "Zoef" {*Slow rPois rCorr Int+5}
  6790 | D:5      | Found a staircase to the Ecumenical Temple.
  6801 | Temple   | Entered the Ecumenical Temple
  6971 | Temple   | Became a worshipper of Vehumet
  7678 | D:6      | Reached skill level 5 in Conjurations
  8080 | D:6      | Reached skill level 5 in Spellcasting
  8252 | D:6      | Found a hide-covered altar of Uskayaw.
  8495 | D:6      | Reached XP level 9. HP: 47/51 MP: 0/16
  8500 | D:6      | Reached skill level 6 in Conjurations
  8732 | D:6      | Reached * piety under Vehumet
  8732 | D:6      | Offered knowledge of Magic Dart by Vehumet.
  8749 | D:6      | Learned a level 1 spell: Magic Dart
  9387 | D:7      | Found a blossoming altar of Fedhas.
 10266 | D:8      | Reached skill level 5 in Fighting
 10382 | D:8      | Noticed an angel
 10383 | D:8      | Found a glowing silver altar of Zin.
 10389 | D:8      | Noticed a two-headed ogre
 10393 | D:8      | Killed a two-headed ogre
 10394 | D:8      | Reached skill level 7 in Conjurations
 10394 | D:8      | Reached XP level 10. HP: 60/60 MP: 10/19
 10562 | D:8      | Reached skill level 5 in Armour
 10640 | D:8      | Found a shimmering altar of Xom.
 10685 | D:8      | Reached ** piety under Vehumet
 10847 | D:8      | Offered knowledge of Scorch by Vehumet.
 10899 | D:8      | Found a sacrificial altar of Ru.
 11568 | D:9      | Noticed a two-headed ogre
 11573 | D:9      | Killed a two-headed ogre
 11574 | D:9      | Reached skill level 8 in Conjurations
 11714 | D:9      | Noticed Erolcha
 11716 | D:9      | Killed Erolcha
 12024 | D:9      | Found a shimmering blue altar of Sif Muna.
 12296 | D:9      | Found Himn's General Store.
 12299 | D:9      | Bought a potion of resistance for 120 gold pieces
 12341 | D:9      | Found Qusk's Mayhem Merchandise.
 12445 | D:9      | Reached XP level 11. HP: 67/67 MP: 13/21
 12574 | D:10     | Entered Level 10 of the Dungeon
 12584 | D:10     | Noticed a two-headed ogre
 12593 | D:10     | Killed a two-headed ogre
 12594 | D:10     | Reached skill level 9 in Conjurations
 12935 | D:10     | Noticed a two-headed ogre
 12944 | D:10     | Killed a two-headed ogre
 13889 | D:10     | Found a staircase to the Orcish Mines.
 14480 | D:11     | Noticed a manticore
 14486 | D:11     | Killed a manticore
 14608 | D:11     | Reached skill level 10 in Conjurations
 14885 | D:4      | Bought a ring of protection from cold for 275 gold pieces
 15116 | D:11     | Noticed a two-headed ogre
 15117 | D:11     | Found a staircase to the Lair.
 15120 | D:11     | Killed a two-headed ogre
 15281 | D:11     | Found a portal to a secret trove of treasure.
 15421 | D:11     | Noticed Maurice
 15427 | D:11     | Killed Maurice
 15533 | D:11     | Offered knowledge of Static Discharge by Vehumet.
 15995 | D:12     | Noticed a manticore
 16042 | D:12     | Noticed a cyclops
 16047 | D:12     | Killed a cyclops
 16048 | D:12     | Reached skill level 11 in Conjurations
 16155 | D:12     | Reached skill level 10 in Earth Magic
 16160 | D:12     | Reached XP level 12. HP: 72/72 MP: 8/24
 16346 | D:12     | Reached *** piety under Vehumet
 17474 | D:13     | Noticed a centaur warrior
 17481 | D:13     | Killed a centaur warrior
 17606 | D:13     | Noticed a centaur warrior
 17611 | D:13     | Mangled by a meliai

Illustrated notes

Levels and vault maps discovered:
D:1:      saegor_arrival_simple_a, layout_loops_ring, dk_noncrumbling_3,
          minmay_shallow_snake_nest
D:2:      layout_basic, dreamdust_ecumenical_altar_hidden_monk_grotto,
          lemuel_old_faithful
D:3:      layout_rooms, portal_sewer_entry_e
D:4:      minmay_skewed_foursquare, layout_cave_pods,
          grunt_temple_overflow_open, chequers_big_river, dk_vineyard_1,
          nicolae_wooded_promenade, kennysheep_small_spiral
D:5:      layout_basic, minmay_temple_entry_large_hall
D:6:      minmay_octagon_keep, layout_basic, nicolae_uskayaw_dance_hall
D:7:      layout_loops_cross, fedhas_altar_2, serial_aquarium,
          aquarium_bridge_square [aquarium_subvault_balcony,
          aquarium_subvault_bridge, aquarium_subvault_window,
          aquarium_subvault_bridge], aquarium_window_fake,
          aquarium_window_corner, aquarium_window_fake, aquarium_view_4,
          water_maze_lemuel
D:8:      layout_basic, grunt_temple_overflow_order_and_chaos_1,
          mainiacjoe_overflow_tiny_flanked, dk_noncrumbling_4
D:9:      layout_irregular_city, lemuel_tele_altar, serial_shops,
          kennysheep_mini_moat, minmay_shop_mayhem, uniq_erolcha
D:10:     layout_basic, david_orc_1_choice, serial_bayou_lagoon_a
D:11:     layout_loops_ring, lair_entry_dummy, trove_entry_hex_spiral,
          uniq_maurice
D:12:     layout_stronghold
D:13:     hangedman_arrow_trap, layout_loops_cross, erik_vaults_2
Temple:   nicolae_temple_figure_eight

Skill      XL: |  1  2  3  4  5  6  7  8  9 10 11 |
---------------+----------------------------------+-----
Earth Magic    | 4 5 6 7 8 10 | 10.6
Conjurations   | 1 2 3 4 5 7 8 11 | 11.6
Spellcasting   | 3 4 5 6 8 |  8.9
Dodging        | 2 3 |  3.9
Fighting       | 1 2 3 5 7 |  7.2
Shields        | 1 2 |  2.9
Short Blades   | 1 |  1.0
Long Blades    | 1 2 3 4 |  4.7
Armour         | 1 2 4 5 |  5.5
Stealth        | |  2.1
Transmutations | |  0.7

Action                   |  1- 3 |  4- 6 |  7- 9 | 10-12 || total
-------------------------+-------+-------+-------+-------++-------
Melee: Short sword       |    17 |    32 |       |       ||    49
       Punch             |     1 |       |       |       ||     1
       Long sword        |       |    11 |     7 |       ||    18
       Falchion          |       |       |    57 |    69 ||   126
 Cast: Sandblast         |    36 |    26 |    16 |    10 ||    88
       Stone Arrow       |    12 |    32 |   110 |   171 ||   325
       Magic Dart        |       |       |     5 |    30 ||    35
Evoke: Wand              |       |       |     1 |       ||     1
  Use: Scroll            |     2 |     2 |    12 |     6 ||    22
       Potion            |       |     1 |     1 |     1 ||     3
 Stab: Sleeping          |       |     1 |       |       ||     1
Armor: Robe              |     5 |    20 |       |       ||    25
       Ring mail         |       |       |     2 |       ||     2
       Scale mail        |       |       |    37 |       ||    37
       Acid dragon scale |       |       |       |    64 ||    64
Dodge: Dodged            |    25 |    42 |    31 |    71 ||   169
Block: Other             |       |    30 |    22 |    29 ||    81
       Reflection        |       |     2 |       |     7 ||     9
